 Dungeon Crawl Stone Soup version 0.26-a0-858-gbf766624f9 (webtiles) character file.

Game seed: 4166818326857548220

260 mhtbhm the Magician (level 5, 0/28 HPs)
             Began as a Deep Elf Earth Elementalist on Nov 24, 2020.
             Was a Follower of Vehumet.
             Slain by a sky beast (4 damage)
             ... on level 3 of the Dungeon.
             The game lasted 00:10:14 (4228 turns).

mhtbhm the Magician (Deep Elf Earth Elementalist)   Turns: 4228, Time: 00:10:14

Health: 0/28       AC:  3    Str:  5    XL:     5   Next: 95%
Magic:  9/15       EV: 13    Int: 21    God:    Vehumet [*.....]
Gold:   108        SH:  0    Dex: 15    Spells: 0/15 levels left

rFire    . . .     SeeInvis .   a - +3 quarterstaff (chaos)
rCold    . . .     Faith    .   (shield currently unavailable)
rNeg     . . .     Spirit   .   c - +0 robe
rPois    .         Reflect  .   (no helmet)
rElec    .         Harm     .   n - +0 cloak
rCorr    .         Rampage  .   (no gloves)
MR       .....                  (no boots)
Stlth    ++........             (no amulet)
HPRegen  0.09/turn              (no ring)
MPRegen  0.14/turn              (no ring)

@: about to teleport
A: no striking features
a: Renounce Religion


You were on level 3 of the Dungeon.
You worshipped Vehumet.
Vehumet was aware of your devotion.
You visited 1 branch of the dungeon, and saw 3 of its levels.

You collected 108 gold pieces.

Inventory:

Hand Weapons
 a - a +3 quarterstaff of chaos (weapon)
Missiles
 g - 8 javelins
 p - 4 poisoned darts (quivered)
Armour
 c - a +0 robe (worn)
 n - a +0 cloak (worn)
Wands
 s - a wand of random effects (19)
Scrolls
 d - a scroll of teleportation
 e - 5 scrolls of remove curse
 i - a scroll of blinking {unknown}
 k - a scroll of amnesia {unknown}
 l - a scroll of identify
 q - a scroll of enchant armour {unknown}
 r - a scroll of noise {unknown}
Potions
 b - a potion of cancellation
 f - 3 potions of mutation
 h - a potion of might
 m - a potion of attraction {unknown}
 o - 2 potions of curing {unknown}


   Skills:
 + Level 0.9 Fighting
 - Level 0.5 Axes
 + Level 3.2 Dodging
 - Level 3.1 Stealth
 * Level 5.8 Spellcasting
 + Level 0.8 Conjurations
 + Level 1.1 Transmutations
 * Level 4.8 Earth Magic


You couldn't memorise any spells.
You knew the following spells:

 Your Spells              Type           Power        Failure   Level
a - Sandblast             Erth           ####..       1%          1
b - Passwall              Tmut/Erth      ###.....     4%          2
c - Stone Arrow           Conj/Erth      ###...       10%         3
d - Lee's Rapid Deconstr  Erth           ####......   36%         5
e - Petrify               Tmut/Erth      ###.....     28%         4

Your spell library contained the following spells:

 Spells                   Type           Power        Failure   Level
 Freeze                   Ice            #...         10%         1
 Animate Skeleton         Necr           #.....       10%         1
 Apportation              Tloc           #.....       10%         1
 Corona                   Hex            #......      10%         1
 Summon Small Mammal      Summ           #...         10%         1


Dungeon Overview and Level Annotations

Branches:
Dungeon (3/15)

Altars:
Vehumet


Message History

You are too injured to fight recklessly!
You are too injured to fight recklessly!
You are too injured to fight recklessly!
You are too injured to fight recklessly!
You are too injured to fight recklessly!
Something hits you.
* * * LOW HITPOINT WARNING * * *
Something shocks you.
* * * LOW HITPOINT WARNING * * *
You see here a +0 club.
Unknown command.
You feel much better.
A sky beast appears from thin air!
Reactivating autopickup.
The sky beast hits you. The sky beast shocks you. The sky beast hits you.
The sky beast shocks you.
* * * LOW HITPOINT WARNING * * *
Unknown command.
As you read the scroll of teleportation, it crumbles to dust.
You feel strangely unstable. The sky beast hits you.
You die...

#.....#................#
#.......###..#.).#######
#.....#..........#
#.....#......(...##
#...........[.....# .
#.................#####..
#...<....................
#..)........>..........##
#...##.#...##)@....###..###.
..............Y.(..........
########.......(.......#.####
...........####........
.#..........###.......
#......K.........#
#.........###....#
#.........# ####...#
######)##.# .#.....


You could see a sky beast (fast, poisoned) and a kobold.

Vanquished Creatures
  Crazy Yiuf (D:2)
  Jessica (D:3)
  Natasha (thrice) (D:2)
  4 adders (D:2)
  2 worms
  2 dart slugs (D:1)
  3 leopard geckos
  3 orcs (D:3)
  2 ball pythons
  6 giant cockroaches
  6 goblins
  4 hobgoblins
  10 jackals
  A quokka (D:2)
  8 bats
  4 frilled lizards
  9 kobolds
  10 rats
79 creatures vanquished.

Notes
Turn   | Place    | Note
-------+----------+-------------------------------------------
     0 | D:1      | mhtbhm the Deep Elf Earth Elementalist began the quest for
                  | the Orb.
     0 | D:1      | Reached XP level 1. HP: 10/10 MP: 6/6
   200 | D:1      | Reached XP level 2. HP: 15/15 MP: 5/8
   205 | D:1      | Learned a level 2 spell: Passwall
   549 | D:1      | Reached skill level 4 in Spellcasting
   639 | D:1      | Reached XP level 3. HP: 14/19 MP: 10/10
   672 | D:1      | Learned a level 3 spell: Stone Arrow
  1293 | D:2      | Reached XP level 4. HP: 8/24 MP: 5/12
  2165 | D:2      | Noticed Natasha
  2172 | D:2      | Killed Natasha
  2213 | D:2      | Found a radiant altar of Vehumet.
  2231 | D:2      | Noticed Natasha
  2242 | D:2      | Killed Natasha
  2243 | D:2      | Reached skill level 5 in Spellcasting
  2253 | D:2      | Became a worshipper of Vehumet
  2423 | D:2      | Reached XP level 5. HP: 28/28 MP: 14/14
  2429 | D:2      | Learned a level 5 spell: Lee's Rapid Deconstruction
  2823 | D:2      | Noticed Natasha
  2858 | D:2      | Killed Natasha
  3239 | D:2      | Found a runed translucent door.
  3240 | D:2      | Noticed Crazy Yiuf
  3803 | D:2      | Killed Crazy Yiuf
  3959 | D:3      | Learned a level 4 spell: Petrify
  3962 | D:3      | Noticed Jessica
  3970 | D:3      | Killed Jessica
  3975 | D:3      | Reached * piety under Vehumet
  3975 | D:3      | Offered knowledge of Freeze by Vehumet.
  4175 | D:3      | Noticed a sky beast
  4226 | D:3      | HP: 1/28 [something (5)]
  4228 | D:3      | Slain by a sky beast

Illustrated notes

Levels and vault maps discovered:
D:1:      minmay_arrival_stair_chambers, layout_loops_ring,
          hangedman_glass_teeth
D:2:      layout_loops_ring, vehumet_crystals, kennysheep_generic_room_15,
          uniq_natasha, uniq_crazy_yiuf_cottage
D:3:      layout_rooms, serial_bayou, serial_bayou_shore_b, serial_bayou_pond_e,
          serial_bayou_pond_e, serial_bayou_shore_b,
          gammafunk_ghost_gnarly_gnolls, uniq_jessica

Skill      XL: |  1  2  3  4  5 |
---------------+----------------+-----
Spellcasting   | 4 5 |  5.8
Earth Magic    | 4 |  4.8
Stealth        | 3 |  3.1
Dodging        | 3 |  3.2
Fighting       | |  0.9
Axes           | |  0.5
Conjurations   | |  0.8
Transmutations | |  1.1

Action                   |  1- 3 |  4- 6 || total
-------------------------+-------+-------++-------
Melee: Unarmed           |     3 |       ||     3
       Hand axe          |     6 |    58 ||    64
       Quarterstaff      |       |    24 ||    24
Throw: Javelin           |    38 |       ||    38
       Stone             |     4 |       ||     4
       Dart              |       |    12 ||    12
 Cast: Sandblast         |    32 |     5 ||    37
       Stone Arrow       |     3 |     9 ||    12
       Lee's Rapid Decon |       |     2 ||     2
  Use: Scroll            |       |     7 ||     7
       Potion            |       |     1 ||     1
 Stab: Sleeping          |     1 |     3 ||     4
       Distracted        |       |     1 ||     1
Armor: Robe              |    13 |    18 ||    31
Dodge: Dodged            |    39 |    74 ||   113

Table legend: (Time is in decaauts)
 A = Elapsed time spent in this place.
 B = Non-inter-level travel time spent in this place.
 C = Inter-level travel time spent in this place.
 D = Time resting spent in this place.
 E = Time spent auto-exploring this place.
 F = Levels seen in this place.
 G = Mean time per level.
                   A        B        C        D        E       F      G
               +--------+--------+--------+--------+--------+-----+--------+
         Total |   4279 |   4137 |    142 |   1579 |   1739 |   3 | 1426.3 |
       Dungeon |   4279 |   4137 |    142 |   1579 |   1739 |   3 | 1426.3 |
               +--------+--------+--------+--------+--------+-----+--------+

Top non-repeatable levels by time:
     D:2: 2726 daAuts
     D:1: 1235 daAuts
     D:3: 318 daAuts
